cohdb
Replays
Latest Replays
All Replays
Popular Replays
Top Player Replays
Match Explorer
How It Works
Community
CoH3 Stats
Reddit
Sign in to upload your games and track your stats! →
Sign in with Steam
Match 45751390
Unlisted
Match 45751390
Overview
Messages
Build Orders
End
Engineer Squad
Selects Airborne Battlegroup
Selects Heavy Machine Gun Paradrop
Heavy Machine Gun Paradrop
Construct Barracks
Riflemen Squad
Riflemen Squad
M1 Mortar Team
Selects Recon Loiter
Recon Loiter
Mechanized Support Center
Grenade Package
Construct Medical Station
Construct Motor Pool
M8 Greyhound Armored Car
Recon Loiter
M1 Anti-tank Gun Team
Selects Supply Drop
Heavy Machine Gun Paradrop
Recon Loiter
Construct Tank Depot
Recon Loiter
Recon Loiter
M1 Mortar Team
M4A1 Sherman Medium Tank
Selects Carpet Bombing Run
Recon Loiter
Carpet Bombing Run
Selects Paratrooper Squad Paradrop
Selects Anti-tank Gun Team Paradrop
Paratrooper Squad Paradrop
Recon Loiter
Esxile
WarBoss
Jikker
Manuel
0
0
Comments
sign in to comment!
No comments posted yet!